 Dungeon Crawl Stone Soup version 0.31-a0-1-g4198be8af4 (webtiles) character file.

Game seed: 4576683079041098247

2100 themarg the Summoner (level 9, 0/68 HPs)
             Began as a Merfolk Summoner on May 2, 2023.
             Was a Follower of Ashenzari.
             Slain by a sky beast (2 damage)
             ... on level 6 of the Dungeon.
             The game lasted 00:18:30 (6993 turns).

themarg the Summoner (Merfolk Summoner)             Turns: 6993, Time: 00:18:30

Health: 0/68       AC:  2    Str:  8    XL:     9   Next: 28%
Magic:  11/13      EV: 13    Int: 19    God:    Ashenzari [*.....]
Gold:   221        SH:  0    Dex: 14    Spells: 4/14 levels left

rFire   . . .        A - +2 spear (venom)
rCold   . . .        (no shield)
rNeg    . . .        a - +0 robe of the Unmoving One {Melee, Range} (curse)
rPois   .            (no helmet)
rElec   .            (no cloak)
rCorr   .            (no gloves)
SInv    .            (no boots)
Will    +....        (no amulet)
Stlth   ++           p - ring of Ashenzari's Mistrust {Will+, Alch, Self} (curse)
HPRegen 0.31/turn    (no ring)
MPRegen 0.13/turn

%: no passive effects
@: no status effects
A: (nimble swimmer 2), mertail
a: Renounce Religion, Curse Item, Shatter the Chains


You were on level 6 of the Dungeon.
You worshipped Ashenzari.
Ashenzari was aware of your devotion.
You visited 1 branch of the dungeon, and saw 6 of its levels.

You collected 221 gold pieces.

Inventory:

Hand Weapons
 A - a +2 spear of venom (weapon)
Missiles
 d - 85 stones
 n - 19 poisoned darts
 o - 5 curare-tipped darts
 t - a throwing net
Armour
 a - the cursed +0 robe of the Unmoving One (worn) {Melee, Range}

   It has a curse which improves the following skills: Melee Combat: Short
   Blades, Long Blades, Axes, Maces & Flails, Polearms, Staves and Unarmed
   Combat.
   Ranged Combat: Ranged Weapons and Throwing.
 D - a +0 buckler
Jewellery
 p - the cursed ring of Ashenzari's Mistrust (left hand) {Will+, Alch, Self}
   (You found it on level 2 of the Dungeon)

   [ring of willpower]

   Will:      It increases your willpower.
   It has a curse which improves the following skills: Alchemy: Poison Magic and
   Transmutations.
   Introspection: Fighting and Spellcasting.
 r - a ring of fire
Wands
 s - a wand of charming (5)
Scrolls
 f - 2 scrolls of magic mapping
 h - 8 scrolls of identify
 i - a scroll of blinking
 j - a scroll of vulnerability
 q - a scroll of brand weapon
 u - a scroll of enchant armour
 w - a scroll of enchant weapon
 y - a scroll of amnesia
Potions
 b - a potion of magic
 c - 2 potions of attraction
 e - a potion of berserk rage
 g - a potion of ambrosia
 k - 2 potions of heal wounds
 l - a potion of lignification
 m - a potion of haste
 v - 4 potions of might
 x - 2 potions of brilliance
 z - 4 potions of curing
 B - a potion of flight
 C - a potion of mutation
 E - a potion of invisibility


   Skills:
 - Level 4.6(5.4) Fighting
 - Level 1.6(2.2) Throwing
 - Level 3.0 Dodging
 - Level 3.0 Stealth
 + Level 2.3(3.0) Spellcasting
 - Level 10.0 Summonings
 - Level 4.0 Air Magic
 - Level 2.0 Evocations


You had 4 spell levels left.
You knew the following spells:

 Your Spells              Type           Power      Damage    Failure   Level
a - Summon Small Mammal   Summ           100%       N/A       1%          1
b - Call Imp              Summ           80%        N/A       1%          2
c - Call Canine Familiar  Summ           40%        N/A       1%          3
d - Summon Lightning Spi  Summ/Air       29%        N/A       9%          4

Your spell library contained the following spells:

 Spells                   Type           Power      Damage    Failure   Level
 Summon Guardian Golem    Hex/Summ       21%        N/A       6%          3
 Poisonous Vapours        Pois/Air       20%        N/A       10%         2
 Sting                    Tmut/Pois      12%        1d3       16%         1
 Animate Armour           Summ/Erth      42%        N/A       19%         4
 Vhi's Electric Charge    Tloc/Air       20%        N/A       21%         3
 Stone Arrow              Conj/Erth      4%         3d7       41%         3
 Olgreb's Toxic Radiance  Pois           3%         N/A       83%         4
 Arcjolt                  Conj/Air       5%         1d15      88%         5
 Lehudib's Crystal Spear  Conj/Erth      1%         10d2      100%        8
 Maxwell's Capacitive Co  Air            9%         ∞         100%        8


Dungeon Overview and Level Annotations

Branches:
Dungeon (6/15)             Temple (0/1) D:5

Altars:
Ashenzari
Fedhas
Makhleb
Okawaru
Qazlal
Yredelemnul
Zin

Shops:
D:1 [   D:3 (

Annotations:
D:4 1 runed translucent door, Crazy Yiuf
D:5 1 exclusion


Innate Abilities, Weirdness & Mutations

((You are very nimble when in or above water. (Stealth+, EV+, Speed+++)))
Your lower body shifts to a powerful aquatic tail in water.


Message History

You barely miss the sky beast. Your hound misses the sky beast.
The sky beast hits you. The sky beast shocks you.
You closely miss the sky beast.
Your hound bites the sky beast but does no damage.
Your hound bites the sky beast.
The sky beast closely misses you.
You hit the sky beast but do no damage.
The sky beast is lightly wounded.
Your hound bites the sky beast.
The sky beast hits you. The sky beast shocks you.
Your hound bites the sky beast.
You barely miss the sky beast.
The sky beast is moderately wounded.
Your hound misses the sky beast. The sky beast hits you.
The sky beast shocks you.
You hit the sky beast.
The sky beast is poisoned.
The sky beast is moderately wounded.
Your hound bites the sky beast but does no damage.
The sky beast hits you. The sky beast shocks you.
Your hound barely misses the sky beast.
You barely miss the sky beast.
The sky beast is moderately wounded.
Your hound barely misses the sky beast.
The sky beast flickers out of sight!
Deactivating autopickup; reactivate with Ctrl-A.
Something hits you. Something shocks you.
Your hound bites something.
You hit something. Your punch misses something.
Your hound closely misses something.
Something hits you. Something shocks you.
* * * LOW HITPOINT WARNING * * *
Your hound misses something. You closely miss something. Something hits you.
* * * LOW HITPOINT WARNING * * *
Something shocks you.
* * * LOW HITPOINT WARNING * * *
Your hound bites something.
Something hits you.
* * * LOW HITPOINT WARNING * * *
Something shocks you.
* * * LOW HITPOINT WARNING * * *
Your hound bites something.
Your hound barely misses something.
Okay, then.
Something hits you.
You die...

#.....####.####..##.#######
#................<[........
#..........................
#.........).........[......
#........))................
#..........................
#.............>......).....
#..........................
##........@................
###.......{h..............
#.......................
#.......................
#.......................
#.......................
#.......................
#....)..................
.......................


You could see a friendly hound (summoned).

Vanquished Creatures
  Menkaure (D:4)
  A black bear (D:5)
  A sky beast (D:6)
  A phantom (D:4)
  A wight (D:6)
  2 hounds
  An orc wizard (D:6)
  2 adders (D:5)
  An ufetubus (D:5)
  An adder zombie (D:4)
  A worm (D:2)
  A dart slug (D:1)
  An orc (D:5)
  2 ball pythons
  3 bats
  4 endoplasms
  A giant cockroach (D:1)
  A goblin (D:2)
  A hobgoblin (D:2)
  2 kobolds (D:2)
  A quokka (D:2)
  A rat (D:3)
31 creatures vanquished.

Vanquished Creatures (collateral kills)
  A sky beast (D:6)
  A centaur (D:6)
  2 ogres
  3 phantoms
  A necrophage (D:4)
  2 scorpions
  3 wights (D:6)
  2 howler monkeys (D:5)
  A hound (D:6)
  2 jellies
  An orc priest (D:6)
  2 gnoll boudas
  Jessica (D:2)
  An iguana (D:4)
  2 orc wizards
  2 hound zombies (D:4)
  A hound skeleton (D:4)
  11 gnolls
  7 adders
  A white imp (D:6)
  An ufetubus (D:6)
  An adder zombie (D:4)
  2 worms
  2 dart slugs
  17 orcs
  4 bats
  5 endoplasms
  A giant cockroach (D:2)
  4 hobgoblins
  A quokka (D:2)
  3 ball pythons
  2 frilled lizards
  4 goblins
  6 kobolds
  6 rats
106 creatures vanquished.

Grand Total: 137 creatures vanquished

Notes
Turn   | Place    | Note
-------+----------+-------------------------------------------
     0 | D:1      | themarg the Merfolk Summoner began the quest for the Orb.
     0 | D:1      | Reached XP level 1. HP: 13/13 MP: 3/3
   111 | D:1      | Reached skill level 1 in Fighting
   141 | D:1      | Reached XP level 2. HP: 21/21 MP: 3/5
   147 | D:1      | Learned a level 2 spell: Call Imp
   348 | D:1      | Found Iclotazi's Armour Shoppe.
   768 | D:2      | Reached XP level 3. HP: 26/26 MP: 1/6
   912 | D:2      | Learned a level 3 spell: Call Canine Familiar
   921 | D:2      | Reached skill level 5 in Summonings
  1326 | D:2      | Reached XP level 4. HP: 32/32 MP: 2/7
  1473 | D:2      | Noticed Jessica
  1478 | D:2      | Killed Jessica
  2217 | D:3      | Reached XP level 5. HP: 37/37 MP: 3/8
  2423 | D:3      | Found a faded altar of an unknown god.
  2587 | D:3      | Prayed at the altar of an unknown god.
  2587 | D:3      | Became a worshipper of Ashenzari the Shackled
  2672 | D:3      | Reached skill level 6 in Summonings
  2879 | D:3      | Found Ymapuxt's Weapon Boutique.
  3179 | D:3      | Found a glowing silver altar of Zin.
  3239 | D:4      | Found a blossoming altar of Fedhas.
  3282 | D:4      | Noticed a phantom
  3307 | D:4      | Killed a phantom
  3308 | D:4      | Reached XP level 6. HP: 40/43 MP: 3/9
  3460 | D:4      | Reached skill level 7 in Summonings
  3668 | D:4      | Reached * piety under Ashenzari
  3679 | D:4      | Reached skill level 1 in Air Magic
  3862 | D:4      | Reached XP level 7. HP: 48/48 MP: 7/10
  4017 | D:4      | Noticed Menkaure
  4283 | D:4      | Found a runed translucent door.
  4284 | D:4      | Noticed Crazy Yiuf
  4330 | D:4      | Found a basalt altar of Yredelemnul.
  4649 | D:4      | Found a burning altar of Makhleb.
  4784 | D:3      | Learned a level 4 spell: Summon Lightning Spire
  4870 | D:4      | Killed Menkaure
  4871 | D:4      | Reached skill level 8 in Summonings
  5149 | D:5      | Entered Level 5 of the Dungeon
  5182 | D:4      | Reached XP level 8. HP: 28/54 MP: 2/11
  5460 | D:5      | Found a staircase to the Ecumenical Temple.
  5674 | D:5      | Found a stormy altar of Qazlal.
  5748 | D:5      | Reached skill level 9 in Summonings
  6270 | D:6      | Reached skill level 10 in Summonings
  6603 | D:6      | Reached XP level 9. HP: 66/66 MP: 3/12
  6731 | D:6      | Found an iron altar of Okawaru.
  6878 | D:6      | Reached skill level 1 in Throwing
  6878 | D:6      | Reached skill level 1 in Evocations
  6992 | D:6      | HP: 1/68 [something (6)]
  6993 | D:6      | Slain by a sky beast

Illustrated notes

Levels and vault maps discovered:
D:1:      minmay_arrival_four_houses, layout_rooms, serial_shops, shop,
          chequers_hall_statues_wall_a
D:2:      layout_rooms, kennysheep_donut, uniq_jessica
D:3:      layout_loops_corners, marbit_many_paths,
          shapermc_ecumenical_altar_totnotflames, serial_shops, shop,
          skrybe_limestone_x
D:4:      layout_rooms, makhleb_blood_cavern_becter, fedhas_ov_isle_minmay,
          nicolae_yredelemnul_corpse_copse, chequers_serial_rivers_large_b,
          hex_tiny, uniq_menkaure, uniq_crazy_yiuf_cottage
D:5:      cheibrodos_quashed, layout_loops_ring,
          nicolae_qazlal_scattered_showers, temple_green
D:6:      layout_basic, old_standard_altar

Skill      XL: |  1  2  3  4  5  6  7  8  9 |
---------------+----------------------------+-----
Fighting       | 1 3 4 |  4.6
Summonings     | 5 6 7 8 10 | 10.0
Stealth        | 3 |  3.0
Dodging        | 3 |  3.0
Air Magic      | 1 4 |  4.0
Throwing       | 1 |  1.6
Evocations     | 2 |  2.0
Spellcasting   | |  2.3

Action                     |  1- 3 |  4- 6 |  7- 9 || total
---------------------------+-------+-------+-------++-------
  Melee: Unarmed           |    12 |       |       ||    12
         Punch             |     3 |       |       ||     3
         Dagger            |    39 |     3 |       ||    42
         Spear             |       |    53 |   129 ||   182
   Cast: Summon Small Mamm |    30 |    13 |     3 ||    46
         Call Imp          |    11 |    16 |    17 ||    44
         Call Canine Famil |     6 |    22 |    29 ||    57
         Summon Lightning  |       |       |    11 ||    11
 Invoke: Curse Item        |       |     2 |     1 ||     3
         Shatter the Chain |       |       |     1 ||     1
    Use: Potion            |       |       |     1 ||     1
   Stab: Sleeping          |     1 |     2 |     1 ||     4
         Distracted        |     1 |     3 |     9 ||    13
 Armour: Robe              |    16 |     2 |     9 ||    27
  Dodge: Dodged            |    42 |    31 |    43 ||   116

Table legend: (Time is in decaauts)
 A = Elapsed time spent in this place.
 B = Non-inter-level travel time spent in this place.
 C = Inter-level travel time spent in this place.
 D = Time resting spent in this place.
 E = Time spent auto-exploring this place.
 F = Levels seen in this place.
 G = Mean time per level.
                   A        B        C        D        E       F      G
               +--------+--------+--------+--------+--------+-----+--------+
         Total |   6974 |   6708 |    266 |    532 |   4958 |   6 | 1162.3 |
       Dungeon |   6974 |   6708 |    266 |    532 |   4958 |   6 | 1162.3 |
               +--------+--------+--------+--------+--------+-----+--------+

Top non-repeatable levels by time:
     D:3: 1866 daAuts
     D:4: 1610 daAuts
     D:2: 1004 daAuts
     D:6: 967 daAuts
     D:5: 763 daAuts
     D:1: 762 daAuts
